 Dungeon Crawl Stone Soup version 0.17-a0-1519-g2001520 (webtiles) character file.

79244 ikki the Bludgeoner (level 15, -2/217 (219) HPs)
             Began as a Minotaur Berserker on July 11, 2015.
             Was a High Priest of Trog.
             Slain by an ettin
             ... wielding a +0 dire flail
              (4 damage)
             ... on level 12 of the Dungeon on July 13, 2015.
             The game lasted 04:19:30 (29150 turns).

ikki the Bludgeoner (Minotaur Berserker)           Turns: 29150, Time: 04:19:30

HP:   -2/217 (219)  AC: 27    Str: 28    XL:     15   Next: 20%
MP:   14/14         EV:  2    Int:  4    God:    Trog [*****.]
Gold: 1122          SH:  0    Dex: 18    Spells: 0 memorised, 14 levels left

rFire  + . .     SeeInvis +     T - +4 great mace (crush)
rCold  . . .     Clarity  .     G - +5 plate armour {rF+}
rNeg   + + +     SustAt   .     (no shield)
rPois  ∞         Gourm    .     e - +0 mask of the Dragon {MR+ Slay+3 SInv}
rElec  .         Spirit   .     s - +1 cloak {rPois}
rCorr  .         Warding  .     J - +0 pair of gloves {Dex+3}
rMut   .         Stasis   .     (no boots)
MR     +++++                    (no amulet)
Stlth  ..........               U - +4 ring of evasion
                                I - ring of protection from magic

@: berserking (expiring), petrified, regenerating, almost entirely resistant to
hostile enchantments, extremely unstealthy
A: retaliatory headbutt, horns 2
a: Burn Spellbooks, Berserk, Trog's Hand, Brothers in Arms, Renounce Religion


You were on level 12 of the Dungeon.
You worshipped Trog.
Trog was extremely pleased with you.
You were hungry.

You visited 5 branches of the dungeon, and saw 26 of its levels.
You also visited: Sewer and Bailey.

You collected 3112 gold pieces.
You spent 1990 gold pieces at shops.

Inventory:

Hand weapons
 F - a +6 antimagic morningstar
 T - a +4 great mace of crushing (weapon)
Armour
 e - the +0 mask of the Dragon (worn) {MR+ Slay+3 SInv}
   (You bought it in a shop on level 9 of the Dungeon)

   It affects your accuracy and damage with ranged weapons and melee attacks
   (+3).
   It affects your resistance to hostile enchantments.
   It lets you see invisible.
 s - a +1 cloak of poison resistance (worn)
 G - a +5 plate armour of fire resistance (worn)
 J - a +0 pair of gloves of dexterity (worn)
Jewellery
 I - a ring of protection from magic (left hand)
 L - an uncursed ring of protection from cold {unknown}
 U - a +4 ring of evasion (right hand)
Magical devices
 l - a wand of fire (6)
 q - a wand of lightning (2)
 M - a wand of polymorph (14)
 S - a wand of draining (7)
 V - a wand of teleportation (3)
Scrolls
 b - a scroll of holy word {unknown}
 d - 3 scrolls of amnesia {unknown}
 f - 5 scrolls of recharging
 g - 8 scrolls of enchant weapon
 n - 10 scrolls of remove curse
 r - a scroll of acquirement {unknown}
 w - a scroll of magic mapping
 y - 4 scrolls of blinking
 E - a scroll of random uselessness {unknown}
 H - 4 scrolls of silence {unknown}
 X - 7 scrolls of teleportation
 Z - 2 scrolls of summoning {unknown}
Potions
 a - 3 potions of haste
 h - 2 potions of degeneration {unknown}
 j - 3 potions of agility
 k - 4 potions of flight
 m - 13 potions of heal wounds
 o - 11 potions of curing
 p - 2 potions of cure mutation {unknown}
 t - a potion of brilliance {unknown}
 u - a potion of ambrosia {unknown}
 x - a potion of invisibility {unknown}
 z - a potion of beneficial mutation {unknown}
 A - 2 potions of resistance
 B - 2 potions of magic {unknown}
 C - 2 potions of might
 Q - 2 potions of lignification {unknown}
 R - 2 potions of cancellation
Books
 K - a book of Callings

   Spells                             Type                      Level
   a - Summon Small Mammal            Summoning                    1
   b - Call Imp                       Summoning                    2
   c - Call Canine Familiar           Summoning                    3
   d - Summon Guardian Golem          Hexes/Summoning              3
   e - Summon Lightning Spire         Summoning/Air                4
   f - Summon Ice Beast               Ice/Summoning                4
   Trog disapproves of the use of such an item.
 N - a book of Burglary

   Spells                             Type                      Level
   a - Swiftness                      Charms/Air                   2
   b - Passwall                       Transmutation/Earth          3
   c - Passage of Golubria            Translocation                4
   d - Lee's Rapid Deconstruction     Earth                        5
   e - Invisibility                   Hexes                        6
   f - Darkness                       Hexes                        7
   Trog disapproves of the use of such an item.
Miscellaneous
 D - a phantom mirror
 O - a plain deck of wonders
 P - a box of beasts
Comestibles
 c - 9 bread rations
 i - 7 fruits
 v - 8 meat rations


   Skills:
 - Level 16.8 Fighting
 + Level 19.8 Maces & Flails
 - Level 16.8 Armour
 - Level 2.1 Dodging


You had 14 spell levels left.
You didn't know any spells.

Dungeon Overview and Level Annotations

Branches:
Dungeon (12/15)            Temple (1/1) D:4            Lair (8/8) D:9
 Shoals (0/4) Lair:5       Spider (0/4) Lair:5        Slime (0/6) Lair:7
    Orc (4/4) D:9             Elf (1/3) Orc:4

Altars:
Ashenzari
Cheibriados
Dithmenos
Elyvilon
Fedhas
Gozag
Kikubaaqudgha
Makhleb
Nemelex Xobeh
Okawaru
Qazlal
Ru
Sif Muna
Trog
Vehumet
Xom
Yredelemnul
Zin
The Shining One
Beogh
Jiyva

Shops:
D:5 [   D:9 [   Orc:4 ?[*([


Innate Abilities, Weirdness & Mutations

You reflexively headbutt those who attack you in melee.
You have a pair of horns on your head.


Message History

The seven-headed hydra bites you but does no damage.
The seven-headed hydra bites you.
* * * LOW HITPOINT WARNING * * *
The seven-headed hydra bites you but does no damage.
The seven-headed hydra bites you.
* * * LOW HITPOINT WARNING * * *
The seven-headed hydra bites you but does no damage. x2
The ettin barely misses you. The ettin hits you but does no damage.
The catoblepas gores you but does no damage.
The seven-headed hydra barely misses you.
The seven-headed hydra bites you but does no damage. x2
The seven-headed hydra bites you.
* * * LOW HITPOINT WARNING * * *
The seven-headed hydra bites you!
* * * LOW HITPOINT WARNING * * *
The seven-headed hydra bites you but does no damage. x2
The ettin hits you but does no damage.
The ettin hits you with a dire flail of crushing!!
* * * LOW HITPOINT WARNING * * *
You die...

#########
####........
###....C......
##.....@D......
##.......Y..≈..≈
#........≈≈≈≈..≈
##......≈≈≈###..#
#......≈≈≈≈# ..
#.....≈≈≈≈≈# .
##...)≈≈≈≈≈##
#....≈≈≈≈≈##
#....≈≈####


You could see a catoblepas, a seven-headed hydra and an ettin.

Vanquished Creatures
  2 orc warlords
  Snorg (Orc:1)
  Josephine (Lair:8)
  4 ogre magi (Orc:4)
  Fannar (Lair:1)
  8 hydras
  A queen ant (D:9)
  3 death yaks (Lair:8)
  Nergalle (Orc:1)
  A fire crab (Lair:8)
  2 hill giants (D:10)
  An orc sorcerer (Orc:4)
  A siren (Lair:5)
  9 elephants
  A centaur zombie (D:12)
  2 gargoyles
  5 black mambas
  2 centaur skeletons
  23 spiny frogs
  10 komodo dragons
  7 fire drakes
  2 giant leeches (Lair:8)
  5 trolls
  15 two-headed ogres
  A boulder beetle (Lair:8)
  A trapdoor spider (D:10)
  33 blink frogs
  A deep elf mage (D:11)
  A spriggan (Lair:5)
  Sigmund (D:3)
  A shadow (D:12)
  5 wraiths (Lair:8)
  2 hungry ghosts (D:9)
  A water elemental (D:12)
  7 basilisks
  2 fire bats (Lair:4)
  45 yaks
  10 hippogriffs
  4 wolves (Lair:1)
  7 vampire mosquitoes
  21 soldier ants
  2 wargs
  9 porcupines
  Duvessa (D:7)
  18 orc warriors
  2 black bears
  Purgy (D:3)
  17 water moccasins
  2 ice beasts (D:7)
  2 sky beasts
  A wasp (Lair:4)
  A necrophage (D:7)
  36 ogres
  4 phantoms
  9 centaurs
  17 crocodiles
  2 big kobolds
  38 giant frogs
  Dowan (D:7)
  A water moccasin skeleton (D:9)
  7 scorpions
  5 electric eels
  2 lava snakes
  8 wights
  4 killer bees (D:10)
  2 crimson imps
  10 iguanas
  2 jellies
  30 orc priests
  5 hounds
  Crazy Yiuf (D:7)
  4 giant frog skeletons
  18 orc wizards
  Jessica (D:2)
  Terence (D:3)
  23 worker ants
  42 sheep
  A killer bee zombie (D:5)
  2 worker ant zombies
  A gnoll (Orc:2)
  Robin (D:2)
  46 river rats
  A shadow imp (D:7)
  10 adders
  2 adder skeletons
  An adder zombie (D:5)
  3 worms
  167 orcs
  16 bats
  4 giant cockroaches
  31 goblins
  10 hobgoblins
  18 kobolds
  5 quokkas
  A ball python (D:3)
  5 giant geckos
  2 giant newts
  14 jackals
  16 rats
  A bush (Lair:2)
  A fungus (D:9)
939 creatures vanquished.

Vanquished Creatures (others)
  An orc (Orc:4)
  17 fungi
  38 plants
56 creatures vanquished.

Grand Total: 995 creatures vanquished

Notes
Turn   | Place    | Note
--------------------------------------------------------------
     0 | D:1      | ikki the Minotaur Berserker began the quest for the Orb.
     0 | D:1      | Reached XP level 1. HP: 19/19 MP: 0/0
   349 | D:1      | Reached skill level 4 in Maces & Flails
   797 | D:2      | Reached XP level 2. HP: 26/26 MP: 1/1
  1106 | D:2      | Found a blossoming altar of Fedhas.
  1151 | D:2      | Found a deep blue altar of Sif Muna.
  1151 | D:2      | Found a stormy altar of Qazlal.
  1197 | D:2      | Reached skill level 5 in Maces & Flails
  1197 | D:2      | Reached XP level 3. HP: 31/31 MP: 2/2
  1250 | D:2      | Found a shadowy altar of Dithmenos.
  1329 | D:2      | Acquired Trog's second power
  1331 | D:2      | Noticed Robin
  1340 | D:2      | Noticed Jessica
  1347 | D:2      | Killed Robin
  1352 | D:2      | Killed Jessica
  1352 | D:2      | Reached skill level 6 in Maces & Flails
  1352 | D:2      | Reached XP level 4. HP: 39/39 MP: 3/3
  1918 | D:3      | Noticed Purgy
  1925 | D:3      | Killed Purgy
  1925 | D:3      | Reached skill level 7 in Maces & Flails
  1925 | D:3      | Reached XP level 5. HP: 41/45 MP: 4/4
  1937 | D:3      | Noticed Terence
  1943 | D:3      | Killed Terence
  1957 | D:3      | Found a glowing silver altar of Zin.
  2178 | D:3      | Reached skill level 8 in Maces & Flails
  2223 | D:3      | Noticed Sigmund
  2286 | D:3      | Killed Sigmund
  2286 | D:3      | Reached skill level 9 in Maces & Flails
  2286 | D:3      | Reached XP level 6. HP: 47/51 MP: 5/5
  2507 | D:3      | Found a glowing drain.
  2516 | Sewer    | Entered a sewer
  2596 | Sewer    | Reached XP level 7. HP: 50/57 MP: 6/6
  2630 | Sewer    | Found a glowing silver altar of Zin.
  3012 | D:3      | Upgraded the game from 0.17-a0-1510-gb3fb22e to 0.17-a0-1515-gfae3d72
  3097 | D:4      | Found a snail-covered altar of Cheibriados.
  3182 | D:4      | Reached skill level 10 in Maces & Flails
  3789 | D:4      | Found a staircase to the Ecumenical Temple.
  3975 | Temple   | Entered the Ecumenical Temple
  4095 | D:5      | Entered Level 5 of the Dungeon
  4135 | D:5      | Found Rihiaps's Antique Armour Boutique.
  4154 | D:5      | Acquired Trog's third power
  4175 | D:5      | Reached skill level 11 in Maces & Flails
  4366 | D:5      | Got a polished chain mail
  4425 | D:5      | Reached XP level 8. HP: 59/64 MP: 7/7
  4554 | D:5      | Reached skill level 12 in Maces & Flails
  4693 | D:5      | Found a shattered altar of Ashenzari.
  4774 | D:5      | Found a basalt altar of Yredelemnul.
  4774 | D:5      | Found a radiant altar of Vehumet.
  4847 | D:5      | Found an ancient bone altar of Kikubaaqudgha.
  5260 | D:6      | Found an iron altar of Okawaru.
  5408 | D:6      | Reached skill level 13 in Maces & Flails
  5910 | D:7      | Reached XP level 9. HP: 60/70 MP: 8/8
  5915 | D:7      | Reached skill level 14 in Maces & Flails
  6308 | D:7      | Received a gift from Trog
  6429 | D:7      | Noticed Duvessa
  6429 | D:7      | Noticed Dowan
  6441 | D:7      | Killed Dowan
  6448 | D:7      | Killed Duvessa
  6659 | D:7      | Reached skill level 5 in Fighting
  6734 | D:7      | Found an opulent altar of Gozag.
  6805 | D:7      | Found a shadowy altar of Dithmenos.
  6905 | D:7      | Noticed Crazy Yiuf
  6911 | D:7      | Killed Crazy Yiuf
  7137 | D:8      | Reached skill level 5 in Armour
  7641 | D:9      | Reached XP level 10. HP: 52/85 MP: 9/9
  7806 | D:9      | Noticed a queen ant
  7826 | D:9      | Killed a queen ant
  8888 | D:9      | Found Amaizuh's Armour Shop.
  8990 | D:9      | Found a staircase to the Lair.
  9098 | D:9      | Reached skill level 10 in Fighting
  9176 | D:9      | Reached skill level 10 in Armour
  9178 | D:9      | Reached XP level 11. HP: 80/100 MP: 10/10
  9195 | D:9      | Received a gift from Trog
  9558 | D:9      | Found a staircase to the Orcish Mines.
  9571 | D:9      | Found a roughly hewn altar of Beogh.
  9936 | Lair:1   | Entered Level 1 of the Lair of Beasts
  9938 | Lair:1   | Noticed Fannar
 10311 | Orc:1    | Entered Level 1 of the Orcish Mines
 10326 | Orc:1    | Noticed Snorg
 10345 | Orc:1    | Killed Snorg
 10937 | Orc:1    | Noticed Nergalle
 10973 | Orc:1    | Killed Nergalle
 11494 | Orc:1    | Received a gift from Trog
 11807 | Orc:2    | Found a flagged portal.
 11845 | Bailey   | Entered a bailey
 12317 | Orc:4    | Entered Level 4 of the Orcish Mines
 12317 | Orc:4    | Noticed an orc warlord
 12324 | Orc:4    | Received a gift from Trog
 12337 | Orc:4    | Noticed an orc warlord
 12790 | Orc:3    | Killed an orc warlord
 13428 | Orc:4    | Found Gussax's Magic Scroll Shoppe.
 13572 | Orc:4    | Killed an orc warlord
 13572 | Orc:4    | Received a gift from Trog
 13572 | Orc:4    | Reached XP level 12. HP: 38/112 MP: 11/11
 13835 | Orc:4    | Bought a scroll of teleportation for 51 gold pieces
 13835 | Orc:4    | Bought a scroll of identify for 34 gold pieces
 13868 | Orc:4    | Found a staircase to the Elven Halls.
 14015 | Orc:4    | Noticed an ogre mage
 14016 | Orc:4    | Noticed an ogre mage
 14016 | Orc:4    | Found Natit's Armour Emporium.
 14016 | Orc:4    | Found Rasetinu's Assorted Antiques.
 14016 | Orc:4    | Noticed an ogre mage
 14016 | Orc:4    | Noticed an ogre mage
 14042 | Orc:4    | Killed an ogre mage
 14048 | Orc:4    | Killed an ogre mage
 14099 | Orc:4    | Killed an ogre mage
 14099 | Orc:4    | Received a gift from Trog
 14128 | Orc:4    | Killed an ogre mage
 14936 | Orc:4    | Received a gift from Trog
 15122 | Orc:4    | Found Seorch's Weapon Shop.
 15122 | Orc:4    | Found Wiorhy's Armour Shoppe.
 15156 | Orc:4    | Upgraded the game from 0.17-a0-1515-gfae3d72 to 0.17-a0-1519-g2001520
 15171 | Orc:4    | Bought a scroll of identify for 66 gold pieces
 15352 | Elf:1    | Entered Level 1 of the Elven Halls
 15953 | Lair:1   | Killed Fannar
 16241 | Lair:1   | Reached skill level 15 in Fighting
 16252 | Lair:1   | Reached skill level 15 in Armour
 16297 | Lair:1   | Reached XP level 13. HP: 108/125 MP: 12/12
 18476 | Lair:3   | Reached skill level 16 in Fighting
 18555 | Lair:3   | Received a gift from Trog
 19022 | Lair:3   | Got an ominously black robe
 20948 | D:9      | Bought the +0 mask of the Dragon {MR+ Slay+3 SInv} for 467 gold pieces
 20948 | D:9      | Bought a +1 cloak of poison resistance for 189 gold pieces
 20948 | D:9      | Bought a +4 plate armour of fire resistance for 700 gold pieces
 20948 | D:9      | Bought a +0 pair of gloves of dexterity for 161 gold pieces
 20961 | D:9      | Received a gift from Trog
 21037 | Orc:4    | Bought a scroll of identify for 34 gold pieces
 21037 | Orc:4    | Bought a scroll of identify for 34 gold pieces
 21037 | Orc:4    | Bought a scroll of blinking for 127 gold pieces
 21037 | Orc:4    | Bought a scroll of blinking for 127 gold pieces
 21274 | Lair:5   | Reached skill level 15 in Maces & Flails
 21354 | Lair:5   | Found a staircase to the Shoals.
 21632 | Lair:5   | Reached XP level 14. HP: 137/137 MP: 13/13
 21692 | Lair:5   | Found a hole to the Spider Nest.
 23011 | Lair:7   | Received a gift from Trog
 23684 | Lair:7   | Found a staircase to the Slime Pits.
 23910 | Lair:7   | Reached skill level 17 in Maces & Flails
 24082 | Lair:8   | Entered Level 8 of the Lair of Beasts
 24121 | Lair:8   | Noticed Josephine
 24128 | Lair:8   | Killed Josephine
 24686 | Lair:8   | Received a gift from Trog
 24998 | Lair:8   | Reached skill level 18 in Maces & Flails
 26328 | Lair:8   | Reached skill level 19 in Maces & Flails
 26671 | Lair:8   | Received a gift from Trog
 26765 | Lair:8   | Reached XP level 15. HP: 133/145 MP: 14/14
 26802 | Lair:8   | Identified Guonouc's Reference Book on Poisonous Malediction
 27164 | D:10     | Entered Level 10 of the Dungeon
 29150 | D:12     | HP: 2/217 [ettin/dire flail (12)]
 29150 | D:12     | Slain by an ettin

Vault maps used:
D:1:      sevenhm_arrival_forest_fort_large_4
D:2:      old_standard_altar, grunt_temple_overflow_open, first_bread,
          uniq_jessica, uniq_robin
D:3:      wad_lake_hut, lemuel_doored_altar, portal_sewer_entry_e, uniq_sigmund,
          uniq_purgy, uniq_terence
D:4:      old_standard_altar, minmay_temple_entry_statues_fountains
D:5:      lemuel_round_altar, gammafunk_temple_overflow_elements,
          lemuel_round_altar, serial_shops, shop_fountains
D:6:      nicolae_overflow_crystal_walls
D:7:      grunt_gozag_statues, basic_altar, uniq_duvessa,
          uniq_crazy_yiuf_cottage
D:9:      dpeg_oklobed_lair, minmay_orc_entry_temple_small, serial_shops,
          shop_coins, minivault_29
D:12:     cross_vault
Temple:   pf_slimified_temple
Lair:1:   lab_entry_generic, small_statue_intersection,
          infiniplex_staircase_pool, uniq_fannar
Lair:2:   minmay_hedge_maze
Lair:3:   patterned_corridor
Lair:5:   minmay_shoals_entry_lonely_mermaid, spider_nest_entry_web_field,
          grunt_forest_large_clearing_hut
Lair:6:   kennysheep_basilisk_garden, grunt_megastairs_4, lemuel_fruit_tree,
          infiniplex_staircase_pool_2
Lair:7:   slime_dummy, beast_lair_carwin_3
Lair:8:   minmay_lair_end_frog_pond, uniq_josephine
Orc:1:    minmay_goldmine, uniq_nergalle, uniq_snorg
Orc:2:    enter_bailey_7
Orc:3:    serial_shops, nicolae_shop_window_shopping, nicolae_orc_pool_cavern
Orc:4:    st_orc_ogre_mass, serial_shops, shop
Elf:1:    serial_shops, nicolae_shop_waterfront, minmay_elf_annihilation
Sewer:    sewer_kobolds
Bailey:   bailey_polearm_2, bailey

Action                   |  1- 3 |  4- 6 |  7- 9 | 10-12 | 13-15 || total
-------------------------+-------+-------+-------+-------+-------++-------
Melee: Mace              |    72 |    88 |   283 |   751 |   394 ||  1588
       Great mace        |       |       |       |       |   567 ||   567
Invok: Berserk           |     1 |     1 |     2 |    13 |     3 ||    20
       Trog's Hand       |     1 |     1 |     2 |    12 |     4 ||    20
       Burn Spellbooks   |       |       |     1 |       |     3 ||     4
  Use: Scroll            |       |     6 |     5 |     4 |    13 ||    28
 Stab: Distracted        |     1 |       |       |       |     1 ||     2
  Eat: Chunk             |     1 |     5 |    13 |    22 |    23 ||    64
       Beef jerky        |       |     1 |       |     1 |     1 ||     3
       Bread ration      |       |       |     1 |     3 |     1 ||     5
       Pizza             |       |       |     1 |       |     3 ||     4
       Meat ration       |       |       |       |     1 |     1 ||     2
       Fruit             |       |       |       |     2 |     4 ||     6
       Royal jelly       |       |       |       |       |     1 ||     1
